 Dungeon Crawl Stone Soup version 0.30-a0-728-gc68057be0a (webtiles) character file.

Game seed: 9328168688008336747

122 cforsyth the Shooter (level 5, -3/42 HPs)
             Began as a Barachi Hunter on Feb 1, 2023.
             Slain by an orc
             ... wielding a +0 club
              (4 damage)
             ... on level 3 of the Dungeon.
             The game lasted 00:03:42 (1606 turns).

cforsyth the Shooter (Barachi Hunter)               Turns: 1606, Time: 00:03:42

Health: -3/42      AC:  4    Str: 13    XL:     5   Next: 6%
Magic:  5/5        EV: 12    Int:  9    God:
Gold:   78         SH:  0    Dex: 17    Spells: 4/4 levels left

rFire   . . .      SeeInvis .    a - +0 shortbow
rCold   . . .      Faith    .    (shield currently unavailable)
rNeg    . . .      Spirit   .    c - +0 leather armour
rPois   .          Reflect  .    (no helmet)
rElec   .          Harm     .    (no cloak)
rCorr   .          Rampage  .    (no gloves)
Will    .....                    n - +0 pair of boots
Stlth   ++                       (no amulet)
HPRegen 0.27/turn                (no ring)
MPRegen 0.09/turn                (no ring)

@: slowed, very slow
A: amphibious, slowness 1, strong legs 1, +LOS
a: Hop


You were on level 3 of the Dungeon.
You visited 1 branch of the dungeon, and saw 3 of its levels.

You collected 78 gold pieces.

Inventory:

Hand Weapons
 a - a +0 shortbow (weapon)
Armour
 c - a +0 leather armour (worn)
 n - a +0 pair of boots (worn)
Jewellery
 k - an amulet of regeneration
Scrolls
 b - a scroll of immolation
 g - 2 scrolls of magic mapping
 h - a scroll of identify
 m - a scroll of teleportation {unknown}
Potions
 d - 3 potions of mutation {unknown}
 f - 5 potions of curing


   Skills:
 + Level 4.0 Fighting
 * Level 5.5 Ranged Weapons
 - Level 2.1 Dodging
 - Level 0.8 Stealth


You had 4 spell levels left.
You didn't know any spells.
Your spell library contained the following spells:

 Spells                   Type           Power      Damage    Failure   Level
 Animate Dead             Necr           0%         N/A       99%         4
 Borgnjor's Vile Clutch   Necr/Erth      0%         N/A       100%        5
 Death Channel            Necr           0%         N/A       100%        6
 Borgnjor's Revivificati  Necr           0%         N/A       100%        8
 Necromutation            Tmut/Necr      0%         N/A       100%        8
 Death's Door             Necr           0%         N/A       100%        9


Dungeon Overview and Level Annotations

Branches:
Dungeon (3/15)

Altars:
Sif Muna

Shops:
D:1 [   D:2 ?

Annotations:
D:3 Natasha


Innate Abilities, Weirdness & Mutations

You are amphibious.
You cover ground slowly.
You can hop short distances.
You have an extended range of vision and can be seen from far away.


Message History

Natasha attacks as you move away! Natasha claws you but does no damage.
Natasha seems to regain her courage.
The crimson imp disappears in a puff of smoke!
Your butterfly disappears in a burst of colours!
Natasha casts a spell at you.
You feel as though you will be slow longer.
The crimson imp laughs crazily.
Natasha barely misses you.
The crimson imp laughs crazily.
You swap places.
The orc hits your butterfly with a +0 club.
Your butterfly dies!
Your butterfly disappears in a burst of colours!
Natasha claws you.
* * * LOW HITPOINT WARNING * * *
The crimson imp shouts, "Fly, thou unhinged tickle-brained canker-blossom!"
The crimson imp attacks as you move away!
The crimson imp closely misses you. The orc attacks as you move away!
The orc closely misses you. Natasha claws you.
* * * LOW HITPOINT WARNING * * *
The orc hits you with a +0 club.
* * * LOW HITPOINT WARNING * * *
Natasha closely misses you.
The crimson imp blinks!
Unknown command.
Natasha attacks as you move away! Natasha closely misses you.
The crimson imp blinks!
Natasha mumbles some strange words.
Natasha shimmers violently.
Unknown command.
The orc closely misses you.
Natasha mumbles some strange words.
Natasha shimmers violently.
The orc hits you with a +0 club.
* * * LOW HITPOINT WARNING * * *
Unknown command.
The orc hits you with a +0 club.
* * * LOW HITPOINT WARNING * * *
There is a stone staircase leading up here.
The orc hits you with a +0 club.
You die...

,,,,,,*
*...,,,,#...l..........,,
,,,,,,*
*,..#****...o.o........,,
,,,,,,***,*..*
*,.............,,
,,,,,,,,,,*#.##
*,,..).........,,
,,,**,*****#).#
**,,......>....,,
*,***,,,***##.##
**,,..........,, *,*
***,,,,#..h##
####)........,, *,*
****##.##o###....#*,,,,,,,,
#,*
##...##@#.)####*******,*
..* ##.....##..## *,*
#.#######.......#### *,*
#.........b._.b...)#***
**,*
#.......#.b.....#.....#*
*,,*
........##.....###.##..*
*,**
#........##...####...,,***
*,*
##.....b####.##...#.#,,,,*
**,*
..........ยง....#***,*,**,*
*,,*


You could see Natasha and an orc.

Vanquished Creatures
  An orc priest (D:3)
  2 adders (D:2)
  A worm (D:2)
  6 orcs (D:3)
  3 ball pythons
  6 bats
  10 endoplasms
  6 goblins
  2 hobgoblins
  4 jackals (D:1)
  7 kobolds
  2 quokkas (D:2)
  6 frilled lizards
  5 rats
61 creatures vanquished.

Notes
Turn   | Place    | Note
-------+----------+-------------------------------------------
     0 | D:1      | cforsyth the Barachi Hunter began the quest for the Orb.
     0 | D:1      | Reached XP level 1. HP: 17/17 MP: 1/1
    51 | D:1      | Reached XP level 2. HP: 23/23 MP: 2/2
    63 | D:1      | Noticed a golden eye
    66 | D:1      | Noticed a great orb of eyes
   120 | D:1      | Found a faded altar of an unknown god.
   124 | D:1      | Noticed a shining eye
   126 | D:1      | Noticed a great orb of eyes
   440 | D:1      | Reached XP level 3. HP: 29/29 MP: 3/3
   482 | D:1      | Found Viclaink's Antique Armour Shoppe.
   865 | D:2      | Reached skill level 5 in Ranged Weapons
   930 | D:2      | Reached XP level 4. HP: 35/35 MP: 4/4
  1384 | D:2      | Found Yrium's Magic Scroll Emporium.
  1541 | D:3      | Found a shimmering blue altar of Sif Muna.
  1574 | D:3      | Reached XP level 5. HP: 25/42 MP: 5/5
  1581 | D:3      | Noticed Natasha
  1604 | D:3      | HP: 2/42 [orc/+0 club (3)]
  1606 | D:3      | Slain by an orc

Illustrated notes

Levels and vault maps discovered:
D:1:      minmay_arrival_arboretum_small, layout_basic,
          hellmonk_ecumenical_altar_watching_god, serial_shops,
          nicolae_shop_advertising_works [nicolae_subvault_shop_adworks]
D:2:      layout_loops_ring, serial_shops, shop_scrolls, grunt_ministairs_9,
          minmay_pentomino_r4
D:3:      layout_rooms, lemuel_round_altar, uniq_natasha, uniq_terence,
          uniq_robin

Skill      XL: |  1  2  3  4 |
---------------+-------------+-----
Fighting       | 3 4 |  4.0
Ranged Weapons | 5 |  5.5
Dodging        | |  2.1
Stealth        | |  0.8

Action                     |  1- 3 |  4- 6 || total
---------------------------+-------+-------++-------
   Fire: Shortbow          |    97 |    63 ||   160
    Use: Scroll            |       |     6 ||     6
 Armour: Leather armour    |    19 |    14 ||    33
  Dodge: Dodged            |    23 |    38 ||    61

Table legend: (Time is in decaauts)
 A = Elapsed time spent in this place.
 B = Non-inter-level travel time spent in this place.
 C = Inter-level travel time spent in this place.
 D = Time resting spent in this place.
 E = Time spent auto-exploring this place.
 F = Levels seen in this place.
 G = Mean time per level.
                   A        B        C        D        E       F      G
               +--------+--------+--------+--------+--------+-----+--------+
         Total |   1893 |   1840 |     53 |    164 |   1320 |   3 |  631.0 |
       Dungeon |   1893 |   1840 |     53 |    164 |   1320 |   3 |  631.0 |
               +--------+--------+--------+--------+--------+-----+--------+

Top non-repeatable levels by time:
     D:2: 1054 daAuts
     D:1: 692 daAuts
     D:3: 146 daAuts
